 Dungeon Crawl Stone Soup version 0.29.1-2-gbd0b4ee654 (webtiles) character file.

Game seed: 6657211149483078675

4 xian the Chiller (level 1, -2/11 HPs)
             Began as an Octopode Ice Elementalist on Nov 12, 2022.
             Slain by a kobold
             ... wielding a +0 whip
              (5 damage)
             ... on level 1 of the Dungeon.
             The game lasted 00:00:33 (588 turns).

xian the Chiller (Octopode Ice Elementalist)         Turns: 588, Time: 00:00:34

Health: -2/11      AC:  1    Str:  7    XL:     1   Next: 70%
Magic:  3/3        EV: 13    Int: 17    God:
Gold:   12         SH:  0    Dex: 12    Spells: 3/4 levels left

rFire   . . .      SeeInvis .   b - +0 rapier
rCold   . . .      Faith    .   (no shield)
rNeg    . . .      Spirit   .   (helmet restricted)
rPois   .          Reflect  .   (no amulet)
rElec   .          Harm     .   (no ring)
rCorr   .          Rampage  .   (no ring)
Will    .....                   (no ring)
Stlth   +++.......              (no ring)
HPRegen 0.03/turn               (no ring)
MPRegen 0.08/turn               (no ring)
                                (no ring)
                                (no ring)

@: no status effects
A: almost no armour, amphibious, 8 rings, camouflage 1, gelatinous body 1,
(nimble swimmer 1), tentacles
a: no special abilities


You were on level 1 of the Dungeon.
You visited 1 branch of the dungeon, and saw 1 of its levels.

You collected 12 gold pieces.

Inventory:

Hand Weapons
 b - a +0 rapier (weapon)
Jewellery
 c - a ring of willpower
Scrolls
 d - a scroll of vulnerability {unknown}
 e - a scroll of noise {unknown}
Potions
 a - a potion of magic


   Skills:
 + Level 2.0 Dodging
 + Level 2.9 Stealth
 + Level 2.0 Spellcasting
 + Level 4.1 Ice Magic


You had 3 spell levels left.
You knew the following spells:

 Your Spells              Type           Power      Damage    Failure   Level
a - Freeze                Ice            60%        1d8       3%          1

Your spell library contained the following spells:

 Spells                   Type           Power      Damage    Failure   Level
 Frozen Ramparts          Ice            30%        1d5       11%         3
 Ozocubu's Armour         Ice            15%        N/A       11%         3
 Hailstorm                Conj/Ice       8%         3d4       63%         4


Dungeon Overview and Level Annotations

Branches:
Dungeon (1/15)

Altars:


Innate Abilities, Weirdness & Mutations

You cannot wear most types of armour.
You are amphibious.
You can wear up to eight rings at the same time.
Your skin changes colour to match your surroundings (Stealth+).
Your rubbery body absorbs attacks. (AC +1, EV +1)
((You are camouflaged when in or above water. (Stealth+)))
You have tentacles for arms and can constrict up to eight enemies at once.


Message History

You kill the giant cockroach!
You are out of magic!
You are out of magic!
e - a scroll labelled DEMUANKISM You open the door.
There is an open door here.
Found a stone staircase leading down.
There is a stone staircase leading down here.
You now have 12 gold pieces.
Found a stone staircase leading down.
An endoplasm comes into view.
The helpless endoplasm fails to defend itself.
You hit the endoplasm.
The endoplasm is severely wounded.
The endoplasm barely misses you.
You barely miss the endoplasm.
The endoplasm is severely wounded.
The endoplasm freezes you.
You are frozen.
You hit the endoplasm.
You kill the endoplasm!
You open the door.
There is an open door here.
You open the door.
There is an open door here.
There is an open door here.
There is an open door here.
A goblin comes into view. It is wielding a +0 club.
A kobold comes into view. It is wielding a +0 whip.
The kobold shouts!
The kobold closely misses you. The kobold closely misses you.
You barely miss the kobold. Your grab misses the kobold.
Your squeeze misses the kobold. The kobold barely misses you.
The goblin hits you with a +0 club. The kobold hits you with a +0 whip.
You hit the kobold but do no damage. Your grab misses the kobold.
The goblin hits you with a +0 club.
* * * LOW HITPOINT WARNING * * *
The kobold hits you with a +0 whip.
You die...

# .# ##. .. .# # ###.#.#
#### #@..#.# #~P~♣♣Kg...#
##♣~P~~~~.~♣## ##+#
#~~P~~P~~.~P♣## ##...##
♣~~~~~~≈~.~~~~###.....##
#~♣~~~≈≈~.~~~♣P#.......##
##~~~≈≈≈~.~~~~♣♣........#
..~~P≈≈≈~.P~~P♣♣♣........
~♣♣♣P~~.~~P~~♣♣........


You could see a goblin and a kobold.

Vanquished Creatures
  A ball python (D:1)
  An endoplasm (D:1)
  A giant cockroach (D:1)
  A frilled lizard (D:1)
4 creatures vanquished.

Notes
Turn   | Place    | Note
-------+----------+-------------------------------------------
     0 | D:1      | xian the Octopode Ice Elementalist began the quest for the
                  | Orb.
     0 | D:1      | Reached XP level 1. HP: 11/11 MP: 3/3
   588 | D:1      | Slain by a kobold

Illustrated notes

Levels and vault maps discovered:
D:1:      minmay_arrival_solitary_statue, layout_loops_corners,
          ebering_ecumenical_altar_sacrificial, serial_bayou_lagoon_b

Action                   || total
-------------------------++-------
Melee: Rapier            ||     5
 Cast: Freeze            ||     5
 Stab: Sleeping          ||     1
Dodge: Dodged            ||     8
